 Dungeon Crawl Stone Soup version 0.29-a0-284-gf9362112df (webtiles) character file.

Game seed: 1671762097413101705

99 gzilladon the Ruffian (level 4, 0/45 HPs)
             Began as a Troll Berserker on Mar 23, 2022.
             Was a Believer of Trog.
             Slain by sokol815's ghost (8 damage)
             ... on level 3 of the Dungeon.
             The game lasted 00:09:17 (1582 turns).

gzilladon the Ruffian (Troll Berserker)             Turns: 1582, Time: 00:09:25

Health: 0/45       AC:  4    Str: 27      XL:     4   Next: 45%
Magic:  3/3        EV:  9    Int:  9      God:    Trog [**....]
Gold:   100        SH:  0    Dex:  4 (9)  Spells: 3/3 levels left

rFire   + . .      SeeInvis .     - Unarmed
rCold   x . .      Faith    .   (no shield)
rNeg    . . .      Spirit   .   a - +0 animal skin
rPois   .          Reflect  .   (helmet restricted)
rElec   .          Harm     .   (no cloak)
rCorr   .          Rampage  .   (gloves unavailable)
Will    .....                   (boots unavailable)
Stlth   +.........              (no amulet)
HPRegen 0.95/turn               c - ring of fire
MPRegen 0.08/turn               j - +6 ring of intelligence

@: no status effects
A: large, unfitting armour, claws 3, regeneration 1, shaggy fur 1, tough skin 1
a: Renounce Religion, Berserk, Trog's Hand


You were on level 3 of the Dungeon.
You worshipped Trog.
Trog was pleased with you.
You visited 1 branch of the dungeon, and saw 3 of its levels.

You collected 100 gold pieces.

Inventory:

Missiles
 d - 47 stones (quivered)
Armour
 a - a +0 animal skin (worn)
Jewellery
 c - a ring of fire (left claw)
 j - a +6 ring of intelligence (right claw)
Scrolls
 b - a scroll of teleportation {unknown}
 e - a scroll of amnesia {unknown}
 f - a scroll of identify {unknown}
 g - a scroll of summoning {unknown}
 k - a scroll of brand weapon {unknown}
Potions
 h - a potion of berserk rage {unknown}
 i - a potion of brilliance {unknown}


   Skills:
 + Level 3.0 Fighting
 + Level 3.2 Dodging
 + Level 4.0 Unarmed Combat


You had 3 spell levels left.
You didn't know any spells.
Your spell library was empty.

Dungeon Overview and Level Annotations

Branches:
Dungeon (3/15)

Altars:

Annotations:
D:3 1 transporter, sokol815's ghost, amateur DsMo


Innate Abilities, Weirdness & Mutations

You are too large for most types of armour.
You have claws for hands.
Your natural rate of healing is unusually fast.
You are covered in fur. (AC +1)
You have tough skin. (AC +1)


Message History

You feel clumsy. The quasit completely misses you.
You claw the quasit!
You kill the quasit!
Trog accepts your kill. Sokol815's ghost barely misses you.
The quasit bites you.
You feel clumsy. The quasit barely misses you. The quasit closely misses you.
The quasit bites you but does no damage.
The quasit claws you but does no damage. x2
You feel your dexterity returning.
Your Fighting skill increases to level 3!
Your Unarmed Combat skill increases to level 4!
You miss the quasit.
The quasit bites you but does no damage.
The quasit barely misses you.
The quasit claws you but does no damage.
Sokol815's ghost hits you. The quasit closely misses you.
The quasit barely misses you. The quasit closely misses you.
You scratch the quasit but do no damage.
The quasit barely misses you. x3; The quasit misses you.
The quasit closely misses you. The quasit misses you.
Sokol815's ghost hits you.
You barely miss the quasit.
The quasit bites you but does no damage.
The quasit claws you but does no damage.
The quasit barely misses you. The quasit closely misses you.
The quasit claws you.
You feel clumsy. The quasit claws you.
You feel clumsy. Sokol815's ghost hits you!
* * * LOW HITPOINT WARNING * * *
You barely miss sokol815's ghost.
The quasit bites you but does no damage.
The quasit barely misses you. The quasit closely misses you.
The quasit barely misses you.
The quasit claws you but does no damage.
The quasit barely misses you. Sokol815's ghost hits you!
You die...

.# #..........###.# .####.##
#..............### ........
..####.©.####...## # ..###.####.
.$##### .###..#.# ..# #.
#..#.....)!..#).##.#.###
..###.###.##.##..=###....#.....#
...>......#.....#.....#.##.#.#.#
...###.##.#..##55©..#..©#..#.#.#
##.###.##.#.....@#..##..#.#....##
#........##...#W..#....#......<.
##.###.##..#....#......##.#....##
.......##..##### .###.##.....#.#
#########......####©###..#####.#
#.####.................# #.#
######.#.###.###### #.# #.).# ...
#.# #........# .#.#


You could see 2 quasits and sokol815's ghost.

Vanquished Creatures
  A quasit (D:3)
  3 adders (D:2)
  A worm (D:2)
  5 bats
  3 endoplasms
  2 giant cockroaches (D:2)
  2 goblins
  A hobgoblin (D:1)
  2 quokkas (D:2)
  6 ball pythons
  3 frilled lizards
  9 kobolds
  4 rats
42 creatures vanquished.

Notes
Turn   | Place    | Note
-------+----------+-------------------------------------------
     0 | D:1      | gzilladon the Troll Berserker began the quest for the Orb.
     0 | D:1      | Reached XP level 1. HP: 22/22 MP: 0/0
   349 | D:1      | Reached XP level 2. HP: 24/29 MP: 1/1
   527 | D:1      | Found a faded altar of an unknown god.
   894 | D:2      | Reached XP level 3. HP: 36/36 MP: 2/2
  1030 | D:2      | Reached ** piety under Trog
  1521 | D:3      | Noticed sokol815's ghost (amateur DsMo)
  1534 | D:3      | Found a transporter.
  1541 | D:3      | Reached XP level 4. HP: 42/44 MP: 3/3
  1564 | D:3      | Found a transporter.
  1579 | D:3      | Reached skill level 4 in Unarmed Combat
  1582 | D:3      | Slain by sokol815's ghost

Illustrated notes

Levels and vault maps discovered:
D:1:      minmay_arrival_radiant_lines, layout_basic,
          hellmonk_ecumenical_altar_blasted
D:2:      layout_rooms
D:3:      layout_loops_ring, overflow_temple_1_default,
          gammafunk_ghost_stat_death, uniq_jessica

Skill      XL: |  1  2  3  4 |
---------------+-------------+-----
Dodging        | 3 |  3.2
Fighting       | 3 |  3.0
Unarmed Combat | 4 |  4.0

Action                   |  1- 3 |  4- 6 || total
-------------------------+-------+-------++-------
Melee: Unarmed           |    91 |     6 ||    97
       Punch             |     2 |       ||     2
Armor: Animal skin       |    38 |    15 ||    53
Dodge: Dodged            |    36 |    23 ||    59

Table legend: (Time is in decaauts)
 A = Elapsed time spent in this place.
 B = Non-inter-level travel time spent in this place.
 C = Inter-level travel time spent in this place.
 D = Time resting spent in this place.
 E = Time spent auto-exploring this place.
 F = Levels seen in this place.
 G = Mean time per level.
                   A        B        C        D        E       F      G
               +--------+--------+--------+--------+--------+-----+--------+
         Total |   1574 |   1507 |     67 |      0 |      0 |   3 |  524.7 |
       Dungeon |   1574 |   1507 |     67 |      0 |      0 |   3 |  524.7 |
               +--------+--------+--------+--------+--------+-----+--------+

Top non-repeatable levels by time:
     D:1: 864 daAuts
     D:2: 530 daAuts
     D:3: 179 daAuts
